 Dungeon Crawl Stone Soup version 0.24-a0-243-g8f5f5cd (webtiles) character file.

Game seed: 18365441329251082227

11153 Ijustatesigmund the Timeless (level 11, -2/77 HPs)
             Began as an Octopode Fighter on Apr 9, 2019.
             Was a High Priest of Cheibriados.
             Slain by Snorg (9 damage)
             ... on level 11 of the Dungeon.
             The game lasted 00:26:13 (12208 turns).

Ijustatesigmund the Timeless (Octopode Fighter)    Turns: 12208, Time: 00:26:14

Health: -2/77      AC:  2    Str: 28    XL:     11   Next: 73%
Magic:  17/18      EV: 17    Int: 24    God:    Cheibriados [*****.]
Gold:   262        SH: 13    Dex: 27    Spells: 7/10 levels left

rFire    . . .     SeeInvis .   a - +1 war axe
rCold    + . .     Gourm    .   b - +1 shield
rNeg     . . .     Faith    .   e - +1 hat
rPois    .         Spirit   .   (no amulet)
rElec    .         Reflect  .   (no ring)
rCorr    .         Harm     .   (no ring)
MR       .....     Clarity  +   (no ring)
Stlth    +++++.....             (no ring)
HPRegen  0.22/turn              (no ring)
MPRegen  0.16/turn              (no ring)
                                (no ring)
                                (no ring)

@: very slow
A: almost no armour, stealthy swim, amphibious, 8 rings, constrict 8, antennae
1, tentacle spike 1, camouflage 1, blurry vision 1, clarity, clever 1, cold
resistance 1, gelatinous body 1, evolution 1
a: Bend Time, Temporal Distortion, Slouch, Step From Time, Renounce Religion


You were on level 11 of the Dungeon.
You worshipped Cheibriados.
Cheibriados was extremely pleased with you.
You were very hungry.

You visited 2 branches of the dungeon, and saw 12 of its levels.

You collected 637 gold pieces.
You spent 375 gold pieces at shops.

Inventory:

Hand Weapons
 a - a +1 war axe (weapon)
 f - a +2 whip of flaming
 m - a +1 flail of holy wrath
Missiles
 s - 3 javelins
 u - 3 throwing nets (quivered)
Armour
 b - a +1 shield (worn)
 e - a +1 hat (worn)
Wands
 n - a wand of polymorph (4)
 v - a wand of paralysis (31)
Scrolls
 j - 2 scrolls of fear
 k - 3 scrolls of teleportation
 o - 2 scrolls of amnesia
 p - 5 scrolls of remove curse
 r - 3 scrolls of identify
 t - a scroll of immolation
 x - a scroll of fog
 y - 2 scrolls of magic mapping
Potions
 g - 4 potions of curing
 h - 2 potions of magic
 i - 3 potions of lignification
 l - 5 potions of flight
 q - a potion of cancellation
Comestibles
 d - 20 rations


   Skills:
 - Level 7.9 Fighting
 + Level 9.6 Axes
 - Level 5.8 Dodging
 - Level 5.7 Stealth
 - Level 5.7 Shields
 - Level 3.2 Conjurations
 - Level 4.8 Translocations
 + Level 10.2 Invocations
 - Level 1.0 Evocations


You had 7 spell levels left.
You knew the following spells:

 Your Spells              Type           Power        Failure   Level  Hunger
a - Magic Dart            Conj           ###.         13%         1    ##.....
b - Blink                 Tloc           N/A          10%         2    ###....

Your spell library contained the following spells:

 Spells                   Type           Power        Failure   Level  Hunger
 Sandblast                Erth           #.....       43%         1    ##.....
 Call Imp                 Summ           #.......     58%         2    ###....
 Passwall                 Tmut/Erth      #.......     58%         2    ###....
 Slow                     Hex            #.......     58%         2    ###....
 Conjure Flame            Conj/Fire      #.......     58%         3    ####...
 Stone Arrow              Conj/Erth      #.....       58%         3    ####...
 Mephitic Cloud           Conj/Pois/Air  #.......     67%         3    ####...
 Petrify                  Tmut/Erth      #.......     99%         4    #####..
 Lee's Rapid Deconstruct  Erth           #.........   100%        5    ######.


Dungeon Overview and Level Annotations

Branches:
Dungeon (11/15)            Temple (1/1) D:6
   Lair: D:8-11         Orc: D:9-12

Altars:
Ashenzari
Cheibriados
Fedhas
Gozag
Hepliaklqana
Kikubaaqudgha
Nemelex Xobeh
Ru
Trog
Uskayaw
Vehumet
Wu Jian
Xom
Zin

Shops:
D:7 !   D:8 :

Annotations:
D:11 2 transporters, Nib's ghost, journeyman GnNe; Snorg


Innate Abilities, Weirdness & Mutations

You cannot wear most types of armour.
You are very stealthy in the water. (Stealth+)
You are amphibious.
You can wear up to eight rings at the same time.
You can use your tentacles to constrict eight enemies at once.
Your skin changes colour to match your surroundings (Stealth+).
Your rubbery body absorbs attacks. (AC +1, EV +1)
You have a pair of small antennae on your head.
One of your tentacles bears a spike.
Scrolls take you a little longer to read.
You possess an exceptional clarity of mind.
Your mind is acute. (Int +2)
Your flesh is cold resistant. (rC+)
You evolve.


Message History

Really read with blurry vision while enemies are nearby? [Y]es or [N]o only, please.
Really read with blurry vision while enemies are nearby?
Okay, then.
Found a transporter.
The soldier ant twitches its antennae in your direction.
Snorg shouts!
You hear a shout!
Snorg goes berserk!
Found a transporter.
Really read with blurry vision while enemies are nearby?
The hippogriff screeches!
You begin reading the scroll.
You continue reading the scroll.
You block Snorg's attack. x3; The centaur wields a +0 shortbow.
The centaur shoots an arrow.
The arrow closely misses you.
As you read the scroll of fear, it crumbles to dust.
You assume a fearsome visage.
The centaur looks frightened!
Snorg misses you. Snorg barely misses you. Snorg claws you!
* * * LOW HITPOINT WARNING * * *
Snorg bites you!
You die...

#. #. . #. ... #.
###....
#.####.....©.
#...T@.######
#.....##8....
#..##.#aH....
.......c##.#.#..O.
######..##.#..#.uW
#..##.#....©.
#..##.#..#...
#.c##.#.#... #..#


You could see Snorg (berserk), a white ugly thing (wandering), a hippogriff, a
soldier ant, an ogre (wandering) and Nib's ghost (wandering).

Vanquished Creatures
  Harold (D:7)
  Erolcha (D:9)
  A two-headed ogre (D:11)
  A death yak (D:11)
  Pikel (D:6)
  Joseph (D:8)
  A guardian serpent (D:10)
  A hippogriff (D:9)
  A wraith (D:10)
  A spriggan (D:7)
  Eustachio (D:6)
  12 yaks
  A hungry ghost (D:9)
  Grum (D:7)
  A water moccasin (D:11)
  Duvessa (D:6)
  A slave (D:6)
  A sky beast (D:6)
  An orc warrior (D:10)
  A black bear (D:10)
  A phantom (D:10)
  A necrophage (D:7)
  7 ogres
  2 centaurs
  5 bullfrogs
  4 gnoll sergeants
  Dowan (D:6)
  2 scorpions
  A wyvern skeleton (D:6)
  A water moccasin skeleton (D:5)
  4 killer bees (D:8)
  A howler monkey (D:5)
  3 wights (D:11)
  A centaur zombie (D:8)
  7 crimson imps
  2 quasits
  A bullfrog skeleton (D:9)
  A bullfrog zombie (D:10)
  A jelly (D:9)
  13 hounds
  9 orc priests
  2 centaur skeletons
  2 gnoll shamans
  11 orc wizards
  Natasha (thrice) (D:4)
  4 iguanas
  6 worker ants
  3 hound zombies
  A hound skeleton (D:10)
  A worker ant zombie (D:7)
  28 gnolls
  6 adders
  2 shadow imps
  2 adder skeletons
  2 worms
  2 leopard geckos
  37 orcs
  3 giant cockroaches
  6 goblins
  5 hobgoblins
  20 jackals
  12 kobolds
  4 quokkas
  7 bats
  6 frilled lizards
  2 jackal skeletons (D:7)
  A leopard gecko zombie (D:6)
  A quokka zombie (D:7)
  10 rats
288 creatures vanquished.

Vanquished Creatures (others)
  A water moccasin (D:6)
  2 slaves (D:6)
  A crimson imp (D:6)
  A worker ant (D:6)
  A hound skeleton (D:6)
  2 gnolls (D:6)
  An adder (D:6)
  A ball python (D:6)
10 creatures vanquished.

Grand Total: 298 creatures vanquished

Notes
Turn   | Place    | Note
-------+----------+-------------------------------------------
     0 | D:1      | Ijustatesigmund the Octopode Fighter began the quest for
                  | the Orb.
     0 | D:1      | Reached XP level 1. HP: 16/16 MP: 1/1
    96 | D:1      | Reached XP level 2. HP: 20/21 MP: 2/2
   624 | D:1      | Reached XP level 3. HP: 26/26 MP: 3/3
  1337 | D:2      | Reached XP level 4. HP: 33/33 MP: 4/4
  1958 | D:3      | Reached XP level 5. HP: 35/37 MP: 5/5
  2485 | D:4      | Noticed Natasha
  2491 | D:4      | Killed Natasha
  2491 | D:4      | Reached skill level 5 in Axes
  2491 | D:4      | Reached XP level 6. HP: 44/44 MP: 6/6
  2529 | D:4      | Noticed Natasha
  2535 | D:4      | Killed Natasha
  2588 | D:4      | Found a sacrificial altar of Ru.
  2816 | D:4      | Noticed Natasha
  2824 | D:4      | Killed Natasha
  2901 | D:4      | Reached XP level 7. HP: 43/49 MP: 7/7
  3235 | D:5      | Entered Level 5 of the Dungeon
  3271 | D:5      | Reached skill level 5 in Fighting
  4083 | D:5      | Reached XP level 8. HP: 24/56 MP: 8/8
  4707 | D:6      | Noticed Pikel
  4723 | D:6      | Gained mutation: One of your tentacles bears a spike.
                  | [potion of mutation]
  4723 | D:6      | Gained mutation: You evolve. [potion of mutation]
  4723 | D:6      | Gained mutation: You have a pair of small antennae on your
                  | head. [potion of mutation]
  4726 | D:6      | Killed Pikel
  4726 | D:6      | Reached skill level 5 in Dodging
  4726 | D:6      | Reached skill level 5 in Shields
  5172 | D:6      | Gained mutation: You possess an exceptional clarity of
                  | mind. [evolution]
  5241 | D:6      | Noticed Eustachio
  5246 | D:6      | Killed Eustachio
  5246 | D:6      | Reached XP level 9. HP: 63/63 MP: 9/9
  5289 | D:6      | Found a staircase to the Ecumenical Temple.
  5301 | Temple   | Entered the Ecumenical Temple
  5536 | Temple   | Became a worshipper of Cheibriados the Contemplative
  5760 | D:6      | Reached skill level 1 in Stealth
  5760 | D:6      | Reached skill level 1 in Invocations
  5919 | D:6      | Noticed Dowan
  5921 | D:6      | Noticed Duvessa
  5926 | D:6      | Killed Duvessa
  5926 | D:6      | Reached skill level 2 in Invocations
  5934 | D:6      | Killed Dowan
  6591 | D:6      | Reached skill level 3 in Invocations
  6622 | D:7      | Reached * piety under Cheibriados
  6852 | D:7      | Reached skill level 4 in Invocations
  6857 | D:7      | Found Ymote's Distillery.
  6877 | D:7      | Bought a potion of heal wounds for 55 gold pieces
  6879 | D:7      | Noticed Harold
  6905 | D:7      | Gained mutation: Your flesh is cold resistant. (rC+)
                  | [evolution]
  6906 | D:7      | HP: 2/63 [something (5)]
  6909 | D:7      | Killed Harold
  6909 | D:7      | Reached skill level 5 in Stealth
  6909 | D:7      | Reached skill level 6 in Invocations
  7274 | D:7      | Reached ** piety under Cheibriados
  7276 | D:7      | Reached XP level 10. HP: 48/69 MP: 14/14
  7574 | D:7      | Reached skill level 1 in Evocations
  7788 | D:7      | Reached *** piety under Cheibriados
  7841 | D:7      | Reached skill level 7 in Invocations
  7932 | D:7      | Noticed Grum
  8109 | D:7      | Killed Grum
  8328 | D:8      | Found a hide-covered altar of Uskayaw.
  8357 | D:8      | Noticed Joseph
  8367 | D:8      | Killed Joseph
  8639 | D:8      | Reached **** piety under Cheibriados
  9001 | D:8      | Found a radiant altar of Vehumet.
  9093 | D:8      | Found Rusk's Book Shop.
  9097 | D:8      | Bought a book of Minor Magic for 320 gold pieces
  9099 | D:8      | Learned a level 1 spell: Magic Dart
  9102 | D:8      | Learned a level 2 spell: Blink
  9212 | D:8      | Gained mutation: Your mind is acute. (Int +2) [evolution]
  9331 | D:9      | Noticed Erolcha
  9337 | D:9      | Killed Erolcha
  9337 | D:9      | Reached skill level 1 in Conjurations
  9337 | D:9      | Reached skill level 8 in Invocations
  9574 | D:9      | Found a glowing silver altar of Zin.
  9907 | D:9      | Reached XP level 11. HP: 77/77 MP: 17/17
 10194 | D:9      | Found a hazy altar of Hepliaklqana.
 10201 | D:9      | Found an opulent altar of Gozag.
 10561 | D:10     | Entered Level 10 of the Dungeon
 10716 | D:9      | Reached skill level 9 in Invocations
 11093 | D:10     | Reached ***** piety under Cheibriados
 11888 | D:11     | Noticed a two-headed ogre
 11900 | D:11     | Killed a two-headed ogre
 11900 | D:11     | Reached skill level 10 in Invocations
 12144 | D:11     | Noticed a death yak
 12147 | D:11     | Gained mutation: Scrolls take you a little longer to read.
                  | [evolution]
 12161 | D:11     | Killed a death yak
 12185 | D:11     | Noticed a death yak
 12191 | D:11     | Noticed a death yak
 12204 | D:11     | Noticed Snorg
 12204 | D:11     | Found a transporter.
 12205 | D:11     | Found a transporter.
 12205 | D:11     | Noticed Nib's ghost (journeyman GnNe)
 12208 | D:11     | Noticed a white ugly thing
 12208 | D:11     | Slain by Snorg

Levels and vault maps discovered:
D:1:      wheals_arrival_shading, layout_loops_cross, serial_glass,
          glass_columns_b, glass_columns_a, glass_columns_a, glass_columns_a,
          serial_bayou_pond_d
D:2:      layout_loops_cross, minmay_heptomino_l4
D:3:      layout_rooms, hangedman_feature_mirror, wad_orctagon
D:4:      layout_loops_ring, first_ration, corner_web_ring,
          ebering_dispersal_statue_hall, nicolae_ru_sacrificial_ziggurat,
          uniq_natasha
D:5:      wad_river_or_something, layout_basic
D:6:      layout_basic, minmay_temple_entry_statues_fountains, uniq_pikel,
          uniq_eustachio, uniq_duvessa
D:7:      layout_cave_pools, serial_gnoll_camp, grums_kennel,
          gnoll_camp_huts_basic, gnoll_camp_mini_doghouse, gnoll_camp_mini_shop,
          gnoll_camp_mini_basic, gnoll_camp_mini_house, the_bakery,
          kennysheep_generic_room_5, uniq_harold
D:8:      layout_basic, lemuel_crystal_altar, basic_altar, serial_shops, shop,
          uniq_joseph
D:9:      layout_basic, lemuel_round_altar, minitemple, uniq_erolcha
D:10:     layout_irregular_city, nrook_guardian_serpent_double
D:11:     layout_long_grid, dpeg_lair_monsters, gammafunk_ghost_arena,
          uniq_snorg
Temple:   dpeg_five_rooms_temple

Skill      XL: |  1  2  3  4  5  6  7  8  9 10 11 |
---------------+----------------------------------+-----
Axes           | 3 4 5 6 7 8 9 |  9.6
Fighting       | 4 5 6 7 |  7.9
Dodging        | 4 5 |  5.8
Shields        | 4 5 |  5.7
Stealth        | 5 |  5.7
Invocations    | 6 8 10 | 10.2
Evocations     | 1 |  1.0
Conjurations   | 2 3 |  3.2
Translocations | 3 4 |  4.8

Action                   |  1- 3 |  4- 6 |  7- 9 | 10-12 || total
-------------------------+-------+-------+-------+-------++-------
Melee: War axe           |    88 |    88 |   197 |   245 ||   618
       Tentacles         |    15 |    24 |    53 |    94 ||   186
       Constrict         |    23 |    28 |    46 |    50 ||   147
       Kick              |       |       |    48 |   145 ||   193
       Flail             |       |       |       |     1 ||     1
 Cast: Magic Dart        |       |       |       |    15 ||    15
Evoke: Wand              |       |       |       |    10 ||    10
  Use: Scroll            |     4 |    10 |     5 |     6 ||    25
       Potion            |       |     1 |    12 |     4 ||    17
 Stab: Sleeping          |    11 |     6 |     4 |    23 ||    44
       Distracted        |       |       |     1 |     3 ||     4
       Invisible         |       |       |     1 |       ||     1
       Paralysed         |       |       |       |     2 ||     2
  Eat: Chunk             |     1 |     5 |     8 |     3 ||    17
       Ration            |       |       |     2 |     1 ||     3
Armor: Skin              |     6 |     2 |     4 |    11 ||    23
Dodge: Dodged            |    45 |    28 |    83 |   124 ||   280
Block: Shield            |    43 |    41 |   100 |   187 ||   371

Table legend:
 A = Non-vault XP
 B = Vault XP
 C = Vault XP percentage of total XP
 D = Non-vault monster count
 E = Vault monster count
 F = Vault count percentage of total count
                 A         B        C        D         E       F
            +---------+---------+-------+---------+---------+-------
      Total |    9512 |    6422 |  40.3 |     219 |      68 |  23.7
            +---------+---------+-------+---------+---------+-------
        D:1 |      39 |       0 |   0.0 |      27 |       0 |   0.0
        D:2 |      46 |       9 |  16.4 |      16 |       3 |  15.8
        D:3 |      62 |      17 |  21.5 |      16 |       6 |  27.3
        D:4 |     458 |      36 |   7.3 |      21 |       1 |   4.5
        D:5 |     636 |     211 |  24.9 |      18 |       6 |  25.0
        D:6 |     445 |    1181 |  72.6 |      13 |       7 |  35.0
        D:7 |     715 |    2281 |  76.1 |      19 |      41 |  68.3
        D:8 |     947 |     460 |  32.7 |      28 |       1 |   3.4
        D:9 |    2995 |     947 |  24.0 |      31 |       1 |   3.1
       D:10 |    1298 |     427 |  24.8 |      22 |       1 |   4.3
       D:11 |    1871 |     853 |  31.3 |       8 |       1 |  11.1
            +---------+---------+-------+---------+---------+-------
